AoeStats
← GAX | Urubu

Lombardia

509020245Analyzed
4v4 RM · 8d ago on Sep 25, 2026· 40m 21s· 8 players
Game mode
Random Map
Map size
Large (8 player)
Population
200
Speed
Normal
Resources
Standard
Victory
Conquest
Starting age
Dark Age
Ending age
Imperial Age
RankedLock teamsTeams togetherTeam positionsShared explorationLock speedFull tech treeHidden civsTurbo modeCheats
Victory
Defeat
🇺🇸 Mongols · United States
1634
+14
🇲🇽 Saracens · Mexico
1618
+15
🇨🇳 Danes · China
1604
+15
🇧🇷 Lithuanians · Brazil
1576
+17
🇦🇷 Khmer · Argentina
1717
-20
🇺🇸 Mongols · United States
1574
-15
🇵🇪 Saracens · Peru
1561
-14
🇵🇪 Tatars · Peru
1514
-12
SimmaHem7912
9:05 Feudal Age
9:43 Loom
13:54 Horse Collar
17:40 Double-Bit Axe
20:04 Castle Age
18:12 Double-Bit Axe
25:56 Wheelbarrow
25:44 Bow Saw
27:39 Heavy Plow
28:12 Gold Mining
31:35 Stone Mining
32:51 Scale Barding Armor
32:56 Forging
33:26 Gold Shaft Mining
34:14 Town Watch
37:17 Imperial Age
35:37 Iron Casting
36:28 Chain Barding Armor
37:18 Bloodlines
37:08 Husbandry
37:27 Hand Cart
38:02 Caravan
38:51 Plate Barding Armor
39:18 Blast Furnace
39:01 Conscription
38:02 Elite Mameluke
40:44 Chemistry
40:05 Ballistics
Lastmantillidie
8:57 Loom
10:42 Feudal Age
12:52 Double-Bit Axe
15:33 Castle Age
14:06 Horse Collar
17:11 Bow Saw
17:17 Heavy Plow
21:23 Stone Mining
23:04 Wheelbarrow
24:24 Gold Mining
24:47 Town Watch
26:29 Fletching
27:09 Hand Cart
27:45 Stone Shaft Mining
31:19 Imperial Age
29:17 Bodkin Arrow
29:22 Padded Archer Armor
30:19 Gold Shaft Mining
30:39 Ballistics
30:54 Thumb Ring
31:39 Bloodlines
31:29 Husbandry
31:53 Masonry
32:31 Conscription
32:05 Elite Mangudai
33:06 Bracer
34:12 Chemistry
33:31 Leather Archer Armor
33:42 Parthian Tactics
33:32 Capped Ram
34:36 Drill
34:42 Siege Ram
Snow_Boss
7:58 Loom
10:53 Feudal Age
14:49 Castle Age
12:56 Double-Bit Axe
13:07 Gold Mining
13:22 Horse Collar
14:48 Fletching
15:42 Bow Saw
19:40 Heavy Plow
19:52 Bodkin Arrow
22:20 Bloodlines
23:18 Wheelbarrow
23:30 Padded Archer Armor
24:08 Loom
31:22 Imperial Age
29:40 Ballistics
29:42 Leather Archer Armor
29:54 Hand Cart
31:17 Gold Shaft Mining
30:53 Thumb Ring
30:49 Scale Mail Armor
32:02 Bracer
33:04 Chemistry
32:08 Heavy Mounted Crossbowman
33:24 Town Watch
33:17 Cranequins
33:27 Onager
35:06 Ring Archer Armor
34:19 Cranequins
35:39 Siege Onager
37:22 Siege Engineers
37:31 Northmen's Fury
39:00 Chain Mail Armor
38:55 Forging
38:57 Pikeman
39:38 Squires
GAX | Urubu
10:07 Feudal Age
8:28 Loom
13:46 Castle Age
11:43 Double-Bit Axe
13:05 Horse Collar
16:43 Wheelbarrow
19:44 Bow Saw
22:34 Heavy Plow
25:40 Husbandry
25:51 Bloodlines
26:49 Gold Mining
28:04 Stone Mining
29:11 Hand Cart
29:34 Stone Shaft Mining
31:33 Imperial Age
30:50 Scale Barding Armor
30:56 Forging
30:27 Pikeman
31:08 Squires
31:17 Scale Mail Armor
32:51 Cavalier
33:53 Chain Barding Armor
34:36 Conscription
34:41 Tower Shields
34:13 Halberdier
36:31 Plate Barding Armor
36:12 Chain Mail Armor
36:33 Iron Casting
36:37 Padded Archer Armor
36:28 Fletching
38:25 Ballistics
39:06 Chemistry
38:41 Elite Skirmisher
IBdaBoss
6:11 Loom
9:01 Feudal Age
11:15 Horse Collar
14:32 Double-Bit Axe
20:35 Castle Age
21:47 Bow Saw
24:14 Wheelbarrow
27:03 Gold Mining
33:44 Imperial Age
31:58 Heavy Plow
33:15 Hand Cart
34:13 Capped Ram
35:55 Conscription
35:55 Onager
36:51 Siege Engineers
37:44 Drill
38:12 Fletching
38:23 Padded Archer Armor
37:59 Siege Onager
Yisaac
8:39 Feudal Age
9:55 Wheelbarrow
10:12 Loom
10:51 Forging
18:48 Castle Age
17:02 Double-Bit Axe
17:10 Horse Collar
20:49 Bow Saw
21:05 Heavy Plow
24:47 Wheelbarrow
24:45 Gold Mining
27:08 Stone Mining
31:04 Imperial Age
28:54 Scale Barding Armor
29:02 Bloodlines
28:53 Husbandry
29:25 Husbandry
28:46 Light Cavalry
30:03 Iron Casting
30:29 Hand Cart
33:23 Chain Barding Armor
34:04 Blast Furnace
32:31 Elite Mameluke
33:14 Town Watch
34:58 Conscription
34:47 Hussar
35:09 Onager
37:20 Siege Engineers
ACN_Mk
10:07 Feudal Age
10:11 Loom
11:16 Loom
14:52 Castle Age
13:44 Double-Bit Axe
13:40 Horse Collar
15:49 Bow Saw
17:54 Heavy Plow
20:15 Fletching
21:10 Town Watch
22:00 Wheelbarrow
22:52 Wheelbarrow
23:25 Padded Archer Armor
24:26 Bodkin Arrow
25:36 Gold Mining
28:23 Gold Shaft Mining
30:07 Bloodlines
33:40 Imperial Age
32:39 Hand Cart
33:07 Husbandry
33:29 Ballistics
33:29 Silk Armor
33:32 Stone Mining
34:23 Leather Archer Armor
34:50 Bracer
34:12 Heavy Cavalry Archer
37:02 Ring Archer Armor
37:44 Chemistry
36:59 Caravan
38:00 Scale Barding Armor
39:47 Chain Barding Armor
40:25 Forging
Franco Guanajuato
8:29 Feudal Age
9:09 Double-Bit Axe
10:16 Horse Collar
11:17 Loom
18:53 Castle Age
20:02 Bow Saw
24:19 Wheelbarrow
29:44 Imperial Age
28:29 Hand Cart
28:23 Heavy Plow
28:15 Stone Mining
28:20 Gold Mining
29:01 Husbandry
29:42 Bloodlines
31:43 Gold Shaft Mining
31:44 Stone Shaft Mining
31:42 Crop Rotation
31:23 Scale Barding Armor
32:34 Chemistry
31:54 Ballistics
30:59 Elite Ballista Elephant
32:00 Conscription
32:26 Chain Barding Armor
32:59 Double Crossbow
34:06 Plate Barding Armor
37:43 Hoardings
37:44 Fletching
40:27 Masonry
Connection lost

Rejoining the realm…

Still unreachable

The connection could not be restored.

Session expired

The server has moved on; the page needs a fresh start.